 Dungeon Crawl Stone Soup version 0.30.0-29-ga12c61a403 (webtiles) character file.

Game seed: 17405444067596558045

65 Sabo the Chopper (level 3, -2/36 HPs)
             Began as a Troll Monk on June 25, 2023.
             Slain by Grinder (5 damage)
             ... on level 3 of the Dungeon.
             The game lasted 00:11:02 (1977 turns).

Sabo the Chopper (Troll Monk)                       Turns: 1977, Time: 00:11:03

Health: -2/36      AC:  4    Str: 21    XL:     3   Next: 92%
Magic:  2/2        EV: 10    Int:  6    God:
Gold:   67         SH:  0    Dex: 12    Spells: 2/2 levels left

rFire   . . .        i - +0 sling (freeze)
rCold   . . .        d - orb {light}
rNeg    + . .        m - +0 robe
rPois   .            (helmet restricted)
rElec   .            (no cloak)
rCorr   .            (gloves unavailable)
SInv    .            (boots unavailable)
Will    .....        (no amulet)
Stlth   +            h - ring of positive energy
HPRegen 1.06/turn    (no ring)
MPRegen 0.08/turn

%: no passive effects
@: glowing
A: large, unfitting armour, claws 3, regeneration 1, shaggy fur 1, tough skin 1
a: no special abilities


You were on level 3 of the Dungeon.
You visited 1 branch of the dungeon, and saw 3 of its levels.

You collected 67 gold pieces.

Inventory:

Hand Weapons
 a - a +0 hand axe
 i - a +0 sling of freezing (weapon)
 l - a +0 arbalest
 q - a +1 mace of protection
Armour
 d - an orb of light (worn)
 m - a +0 robe (worn)
Jewellery
 h - a ring of positive energy (left claw)
 p - a ring of magical power
Scrolls
 j - a scroll of poison
 k - a scroll of teleportation
Potions
 b - a potion of heal wounds
 c - a potion of ambrosia
 e - a potion of invisibility {unknown}
 f - a potion of curing {unknown}
 g - 2 potions of brilliance
 o - a potion of berserk rage {unknown}


   Skills:
 + Level 2.9 Fighting
 + Level 3.2 Axes
 + Level 2.9 Dodging
 + Level 0.1 Stealth


You had 2 spell levels left.
You didn't know any spells.
Your spell library contained the following spells:

 Spells                   Type           Power      Damage    Failure   Level
 Freeze                   Ice            0%         1d3       45%         1
 Frozen Ramparts          Ice            0%         1d1       83%         3
 Hailstorm                Conj/Ice       0%         3d3       83%         3


Dungeon Overview and Level Annotations

Branches:
Dungeon (3/15)

Altars:

Annotations:
D:3 Grinder


Innate Abilities, Weirdness & Mutations

You are too large for most types of armour.
You have claws for hands.
Your natural rate of healing is unusually fast.
You are covered in fur. (AC +1)
You have tough skin. (AC +1)


Message History

Aim: Grinder (moderately wounded, strong, haloed, 71% to hit)
You shoot a sling bullet. The sling bullet hits Grinder.
Grinder is moderately wounded.
Grinder says, "DUCK!"
Grinder hits you!
Fire: i) +0 sling (freeze)
Press: ? - help, Q - select action Shift-Dir - straight line, f/p - Grinder
Aim: Grinder (moderately wounded, strong, haloed, 71% to hit)
You shoot a sling bullet. The sling bullet hits Grinder.
Grinder is moderately wounded.
Grinder hits you! x2
* * * LOW HITPOINT WARNING * * *
Fire: i) +0 sling (freeze)
Press: ? - help, Q - select action Shift-Dir - straight line, f/p - Grinder
Aim: Grinder (moderately wounded, strong, haloed, 71% to hit)
You shoot a sling bullet. The sling bullet hits Grinder.
Grinder is heavily wounded.
Grinder barely misses you.
Fire: i) +0 sling (freeze)
Press: ? - help, Q - select action Shift-Dir - straight line, f/p - Grinder
Aim: Grinder (heavily wounded, strong, haloed, 71% to hit)
You shoot a sling bullet. The sling bullet hits Grinder.
Grinder is heavily wounded.
Grinder hits you but does no damage.
Fire: i) +0 sling (freeze)
Press: ? - help, Q - select action Shift-Dir - straight line, f/p - Grinder
Aim: Grinder (heavily wounded, strong, haloed, 71% to hit)
You shoot a sling bullet. The sling bullet hits Grinder.
Grinder is severely wounded.
Grinder barely misses you. Grinder hits you!
* * * LOW HITPOINT WARNING * * *
You writhe in agony.
* * * LOW HITPOINT WARNING * * *
Fire: i) +0 sling (freeze)
Press: ? - help, Q - select action Shift-Dir - straight line, f/p - Grinder
Aim: Grinder (severely wounded, strong, haloed, 71% to hit)
You shoot a sling bullet. The sling bullet hits Grinder.
Grinder is severely wounded.
Grinder hits you.
You die...

..........# #..
..........+ ..
..........# .>
##.......## #.
##....>## #.
##...## #.## ##'##
#..# #.# #5# #.#
#@# ##.###### #.#
##.......# #.#
#.....##.# #.#
####...###.# #.#
#........).#####.#
..####.##........#
# #.....#######
#######


You could see Grinder (strong).

Vanquished Creatures
  2 adders
  A dart slug (D:1)
  5 bats
  7 endoplasms
  3 giant cockroaches
  2 hobgoblins (D:1)
  3 quokkas
  4 ball pythons
  3 goblins
  8 kobolds
  2 rats (D:2)
40 creatures vanquished.

Notes
Turn   | Place    | Note
-------+----------+-------------------------------------------
     0 | D:1      | Sabo the Troll Monk began the quest for the Orb.
     0 | D:1      | Reached XP level 1. HP: 22/22 MP: 0/0
     7 | D:1      | You fall into a shaft and drop 1 floor!
   169 | D:1      | Reached XP level 2. HP: 29/29 MP: 1/1
   633 | D:1      | Reached XP level 3. HP: 35/36 MP: 2/2
  1000 | D:2      | Reached skill level 3 in Axes
  1962 | D:3      | Noticed Grinder
  1968 | D:3      | Paralysed by Grinder for 4 turns
  1977 | D:3      | Slain by Grinder

Illustrated notes

Levels and vault maps discovered:
D:1:      lightli_arrival_statuegarden, layout_basic
D:2:      layout_loops_corners, hangedman_decor_lopped, minmay_fountain_box
D:3:      layout_loops_corners, lemuel_zombie_altar_kikubaaqudgha, uniq_ijyb,
          uniq_grinder

Skill      XL: |  1  2  3 |
---------------+----------+-----
Axes           | 3 |  3.2
Fighting       | |  2.9
Dodging        | |  2.9
Stealth        | |  0.1

Action                     || total
---------------------------++-------
  Melee: Hand axe          ||    81
         Mace              ||    10
   Fire: Sling             ||     9
    Use: Scroll            ||     5
 Armour: Robe              ||    51
  Dodge: Dodged            ||    58
